 Dungeon Crawl Stone Soup version 0.31-a0-801-gc67433417a (webtiles) character file.

Game seed: 16424590830077925890

219 Ivernyr the Slasher (level 5, 0/28 HPs)
             Began as a Vine Stalker Gladiator on Sept 20, 2023.
             Succumbed to a water moccasin's poison
             ... on level 4 of the Dungeon.
             The game lasted 00:03:23 (2306 turns).

Ivernyr the Slasher (Vine Stalker Gladiator)        Turns: 2306, Time: 00:03:24

Health: 0/28       AC:  5    Str: 17    XL:     5   Next: 96%
Magic:  1/6        EV: 13    Int:  8    God:
Gold:   106        SH:  0    Dex: 17    Spells: 4/4 levels left

rFire   . . .        a - +0 long sword
rCold   . . .        (no shield)
rNeg    . . .        b - +0 leather armour
rPois   .            c - +0 helmet
rElec   .            (no cloak)
rCorr   .            (no gloves)
SInv    .            s - +0 pair of boots
Will    .....        (no amulet)
Stlth   +            (no ring)
HPRegen 1.04/turn    (no ring)
MPRegen 0.10/turn

%: guardian spirit
@: lethally poisoned (0 -> 0)
A: fangs 2, regeneration 1, magic shield, antimagic bite, no potion heal 2
a: no special abilities


You were on level 4 of the Dungeon.
You visited 1 branch of the dungeon, and saw 4 of its levels.

You collected 106 gold pieces.

Inventory:

Hand Weapons
 a - a +0 long sword (weapon)
Missiles
 d - 4 throwing nets (quivered)
 e - a javelin
Armour
 b - a +0 leather armour (worn)
 c - a +0 helmet (worn)
 s - a +0 pair of boots (worn)
Wands
 u - a wand of roots (11)
 v - a wand of polymorph (7)
Scrolls
 j - 3 scrolls of enchant armour {unknown}
 m - 4 scrolls of identify {unknown}
 o - a scroll of silence {unknown}
 q - a scroll of fog {unknown}
 t - a scroll of amnesia {unknown}
Potions
 f - a potion of ambrosia {unknown}
 g - a potion of haste {unknown}
 h - 2 potions of brilliance {unknown}
 i - a potion of berserk rage {unknown}
 k - 2 potions of lignification {unknown}
 l - a potion of might {unknown}
 n - 2 potions of enlightenment {unknown}
 p - a potion of curing {unknown}
 r - 2 potions of heal wounds {unknown}


   Skills:
 + Level 2.8 Fighting
 * Level 4.2 Long Blades
 - Level 1.7 Throwing
 + Level 1.8 Armour
 + Level 3.1 Dodging


You had 4 spell levels left.
You didn't know any spells.
Your spell library contained the following spells:

 Spells                   Type           Power      Damage    Failure   Level
 Frozen Ramparts          Ice            0%         1d1       83%         3
 Petrify                  Tmut/Erth      0%         N/A       99%         4
 Metabolic Englaciation   Hex/Ice        0%         N/A       100%        5


Dungeon Overview and Level Annotations

Branches:
Dungeon (4/15)
 Temple: D:4-7

Altars:


Innate Abilities, Weirdness & Mutations

You have extremely sharp teeth.
Your natural rate of healing is unusually fast.
When hurt, damage is shared between your health and your magic reserves.
Your bite disrupts and absorbs the magic of your enemies.
Potions cannot restore your health.


Message History

You feel sick. The water moccasin bites you.
You barely miss the water moccasin. Your bite misses the water moccasin.
The water moccasin is moderately wounded.
You feel sick. The water moccasin barely misses you.
The water moccasin bites you.
You barely miss the water moccasin. You bite the water moccasin.
You drain its power.
You feel invigorated.
The water moccasin is moderately wounded.
You feel sick. The water moccasin bites you.
The water moccasin completely misses you.
You hit the water moccasin.
The water moccasin is heavily wounded.
You feel sick.
You are no longer poisoned.
The water moccasin barely misses you.
You completely miss the water moccasin.
The water moccasin is heavily wounded.
The water moccasin misses you. The water moccasin closely misses you.
You miss the water moccasin.
The water moccasin is heavily wounded.
The water moccasin barely misses you. The water moccasin bites you.
You are poisoned.
The water moccasin poisons you!
You hit the water moccasin. You bite the water moccasin. You drain its power.
You feel invigorated.
The water moccasin is severely wounded.
You feel very sick. The water moccasin bites you.
* * * LOW HITPOINT WARNING * * *
You miss the water moccasin.
The water moccasin is severely wounded.
You feel sick. The water moccasin misses you. The water moccasin bites you.
* * * LOW HITPOINT WARNING * * *
You hit the water moccasin.
The water moccasin is almost dead.
* * * LOW HITPOINT WARNING * * *
You feel sick. The water moccasin closely misses you.
You miss the water moccasin. Your bite misses the water moccasin.
The water moccasin is almost dead.
You die...

#..# #..#####
+......# #.
#......# #.
#.....[# #.
#......#### #.
#####..........
#.##..@SS.........
#.#...##..........
#.#...##..........
#.'...+...###.....
###...##### .....
######...# ....
#....'...# ...
##.###...# ... #.#
#...#


You could see a water moccasin and an adder.

Vanquished Creatures
  A scorpion (D:4)
  An orc priest (D:3)
  Natasha (D:3)
  5 adders
  An ufetubus (D:2)
  3 orcs (D:3)
  4 endoplasms
  5 giant cockroaches
  6 goblins
  A hobgoblin (D:2)
  4 jackals (D:1)
  A quokka (D:3)
  6 ball pythons
  3 bats (D:3)
  7 frilled lizards
  3 kobolds
  7 rats
59 creatures vanquished.

Notes
Turn   | Place    | Note
-------+----------+-------------------------------------------
     0 | D:1      | Ivernyr the Vine Stalker Gladiator began the quest for the
                  | Orb.
     0 | D:1      | Reached XP level 1. HP: 11/11 MP: 2/2
   103 | D:1      | Reached XP level 2. HP: 15/15 MP: 3/3
   146 | D:1      | Reached skill level 3 in Long Blades
   864 | D:2      | Reached XP level 3. HP: 18/18 MP: 4/4
   951 | D:2      | Found a faded altar of an unknown god.
  1106 | D:2      | Reached skill level 1 in Armour
  1240 | D:2      | Reached XP level 4. HP: 22/23 MP: 5/5
  1799 | D:3      | Reached XP level 5. HP: 27/27 MP: 6/6
  2086 | D:3      | Noticed Natasha
  2099 | D:3      | Killed Natasha
  2220 | D:4      | Reached skill level 4 in Long Blades
  2282 | D:4      | Noticed a water moccasin
  2305 | D:4      | HP: 1/28 [poisoned by a water moccasin]
  2306 | D:4      | Succumbed to a water moccasin's poison

Illustrated notes

Levels and vault maps discovered:
D:1:      shiori_arrival_maze, layout_basic
D:2:      layout_basic, hellmonk_ecumenical_altar_run_dry
D:3:      layout_loops_cross, uniq_natasha
D:4:      layout_basic, okawaru_altar_gauntlet_db, serial_shops,
          nicolae_shop_peninsula, nicolae_inconvenience_store, shop, shop,
          nicolae_shop_trees

Skill      XL: |  1  2  3  4  5 |
---------------+----------------+-----
Fighting       | 2 |  2.8
Long Blades    | 3 4 |  4.2
Armour         | 1 |  1.8
Dodging        | 3 |  3.1
Throwing       | |  1.7

Action                     |  1- 3 |  4- 6 || total
---------------------------+-------+-------++-------
  Melee: Long sword        |    75 |   102 ||   177
         Bite              |    12 |    23 ||    35
         Punch             |       |     1 ||     1
   Stab: Sleeping          |     2 |     1 ||     3
 Armour: Leather armour    |    66 |    74 ||   140
  Dodge: Dodged            |    86 |    73 ||   159

Table legend: (Time is in decaauts)
 A = Elapsed time spent in this place.
 B = Non-inter-level travel time spent in this place.
 C = Inter-level travel time spent in this place.
 D = Time resting spent in this place.
 E = Time spent auto-exploring this place.
 F = Levels seen in this place.
 G = Mean time per level.
                   A        B        C        D        E       F      G
               +--------+--------+--------+--------+--------+-----+--------+
         Total |   2344 |   2259 |     85 |      0 |   1738 |   4 |  586.0 |
       Dungeon |   2344 |   2259 |     85 |      0 |   1738 |   4 |  586.0 |
               +--------+--------+--------+--------+--------+-----+--------+

Top non-repeatable levels by time:
     D:1: 821 daAuts
     D:2: 818 daAuts
     D:3: 603 daAuts
     D:4: 101 daAuts
